 Dungeon Crawl Stone Soup version 0.17-a0-2108-g65e8068 (webtiles) character file.

3141 Bezhaha1 the Protected (level 9, -1/80 HPs)
             Began as a Minotaur Fighter on Oct 19, 2015.
             Was a Priest of Okawaru.
             Slain by Kromin's ghost (19 damage)
             ... on level 8 of the Dungeon.
             The game lasted 00:19:28 (6593 turns).

Bezhaha1 the Protected (Minotaur Fighter)           Turns: 6593, Time: 00:19:28

Health: -1/80      AC: 12    Str: 26      XL:     9   Next: 61%
Magic:  2/8        EV:  7    Int:  5      God:    Okawaru [***...]
Gold:   521        SH:  4    Dex:  7 (10) Spells: 0 memorised, 8 levels left

rFire  + . .     SeeInvis +     O - +7 hand axe of Defiance {drain, +Blink rPois rF+ Dex-4}
rCold  . . .     Clarity  .     u - +1 plate armour
rNeg   + + +     SustAt   .     R - +0 buckler "Zikirgha" {*Corrode rElec rN+++} (curse)
rPois  +         Gourm    .     (helmet restricted)
rElec  +         Spirit   .     r - +0 cloak
rCorr  .         Warding  .     (no gloves)
rMut   .         Stasis   .     (no boots)
MR     .....                    x - amulet of regeneration
Stlth  ..........               B - +2 ring of strength
                                Y - ring of see invisible

@: corroded equipment, not resistant to hostile enchantments, extremely
unstealthy
A: retaliatory headbutt, horns 2, molten scales 1, yellow scales 1, agile 2,
deformed body, frail 1, high mp 1, poison resistance, MP-powered wands
a: Heroism, Renounce Religion, Evoke Blink


You were on level 8 of the Dungeon.
You worshipped Okawaru.
Okawaru was most pleased with you.
You were not hungry.

You visited 2 branches of the dungeon, and saw 9 of its levels.
You also visited: Ossuary.

You collected 521 gold pieces.

Inventory:

Hand Weapons
 O - the +7 hand axe of Defiance (weapon) {drain, +Blink rPois rF+ Dex-4}
   (You found it on level 6 of the Dungeon)

   A truly terrible weapon, it drains the life of those it strikes.
   It affects your dexterity (-4).
   It protects you from fire.
   It protects you from poison.
   It lets you blink.
Armour
 r - a +0 cloak (worn)
 u - a +1 plate armour (worn)
 R - the cursed +0 buckler "Zikirgha" (worn) {*Corrode rElec rN+++}
   (You found it on level 6 of the Dungeon)

   It insulates you from electricity.
   It renders you almost immune to negative energy.
   It may corrode your equipment when you take damage.
   It has a curse placed upon it.
Jewellery
 a - an uncursed ring of positive energy
 c - an uncursed amulet of rage {unknown}
 l - an uncursed amulet of resist mutation
 x - an amulet of regeneration (around neck)
 B - a +2 ring of strength (right hand)
 U - an uncursed ring of flight
 Y - a ring of see invisible (left hand)
Wands
 S - a wand of disintegration (1)
Scrolls
 g - 8 scrolls of remove curse
 i - a scroll of enchant weapon
 j - 7 scrolls of identify
 o - 3 scrolls of immolation
 E - 2 scrolls of enchant armour
 F - 3 scrolls of fog {unknown}
 I - a scroll of noise {unknown}
 K - 3 scrolls of teleportation {unknown}
 L - a scroll of magic mapping {unknown}
 Q - a scroll of summoning {unknown}
 V - a scroll of recharging
Potions
 d - 4 potions of might
 h - 2 potions of agility
 k - 3 potions of lignification
 p - 2 potions of flight
 t - 2 potions of ambrosia
 v - 2 potions of mutation
 w - 2 potions of magic
 D - 2 potions of curing
 G - a potion of invisibility
 H - a potion of degeneration
Comestibles
 e - 3 bread rations
 f - 6 chunks of flesh
 m - 7 fruits
 q - a slice of pizza
 A - 2 meat rations


   Skills:
 - Level 11.0 Fighting
 - Level 2.4 Axes
 + Level 12.5 Armour
 - Level 3.6 Shields


You had 8 spell levels left.
You didn't know any spells.

Dungeon Overview and Level Annotations

Branches:
Dungeon (8/15)             Temple (1/1) D:4
   Lair: D:8-11

Altars:
Ashenzari
Cheibriados
Dithmenos
Elyvilon
Fedhas
Makhleb
Okawaru
Qazlal
Sif Muna
Trog
Xom
The Shining One

Shops:
D:6 :

Annotations:
D:8 Kromin's ghost, novice MiGl


Innate Abilities, Weirdness & Mutations

You reflexively headbutt those who attack you in melee.
You have a pair of horns on your head.
You are partially covered in molten scales (AC +1).
You are partially covered in yellow scales (AC +2).
You are very agile. (Dex +4)
Armour fits poorly on your strangely shaped body.
You are frail (-10% HP).
You have an increased reservoir of magic (+10% MP).
Your system is resistant to poisons.
You expend magic power (3 MP) to strengthen your wands.


Message History

Zapping:
S - a wand of disintegration (will waste charges)
Press: ? - help, Shift-Dir - straight line, f - Kromin's ghost
Aim: Kromin's ghost (severely damaged, chance to defeat MR: 32%) Kromin's ghost is blasted.
Evoking this partially-identified wand wasted a few charges.
Kromin's ghost hits you but does no damage.
The phantom closely misses you.
Evoke which item? (* to show all) (? for menu, Esc to quit)
Zapping:
S - a wand of disintegration {zapped: 2} (will waste charges)
Press: ? - help, Shift-Dir - straight line, f/p - Kromin's ghost
Aim: Kromin's ghost (almost destroyed, chance to defeat MR: 32%) Kromin's ghost easily resists.
Evoking this partially-identified wand wasted a few charges.
Kromin's ghost closely misses you. You furiously retaliate!
You headbutt Kromin's ghost, but do no damage.
The phantom hits you but does no damage.
Evoke which item? (* to show all) (? for menu, Esc to quit)
Okay, then.
Kromin's ghost hits you!!
You die...

......#...)......... ##.#
#..<####...#### ###... ##.##
#...# ......###.### #...####
......>.....# #......##
..........#.#
#.......####.##.## ##..#..###.#
#................. #
##.###.####W.....####..#.## #.
##.......@.....#####......
.##..
##.###.####W........##.#.##
......#..#
#.##......####.#....##
#......###.##.###...###..#.#.##
#..........##.##.#.#..>......##
#.###..######.#.##.##.#..#.#.##
.. .....# #..###............. #
#.###?## #...........#######
#.# ####.#.#.##........


You could see a phantom and Kromin's ghost.

Vanquished Creatures
  The ghost of Kromin the Cleaver, an amateur MiBe of Trog (D:4)
  A two-headed ogre (D:8)
  A hippogriff (D:7)
  Menkaure (D:6)
  An orc warrior (D:6)
  Duvessa (D:6)
  A water moccasin (D:5)
  2 phantoms
  2 sky beasts
  The ghost of Kromin the Chopper, an amateur MiBe of Trog (D:5)
  A black bear (D:6)
  2 ogres
  2 centaurs
  A giant frog (D:6)
  Dowan (D:6)
  A gnoll sergeant (D:8)
  4 crimson imps
  A centaur zombie (Ossuary)
  5 orc wizards
  2 human zombies (Ossuary)
  3 giant frog zombies
  3 orc priests
  2 hounds (D:2)
  3 worker ants
  A centaur skeleton (D:4)
  An iguana (D:6)
  A big kobold zombie (Ossuary)
  3 mummies (Ossuary)
  8 gnolls
  12 adders
  A river rat (D:4)
  An ooze (D:2)
  An adder skeleton (D:6)
  3 worms
  4 giant geckos
  30 orcs
  3 ball pythons
  6 bats
  3 giant cockroaches
  11 goblins
  3 hobgoblins
  3 jackals (D:2)
  2 quokkas
  A giant gecko skeleton (D:8)
  2 giant newts (D:2)
  A hobgoblin zombie (Ossuary)
  5 kobolds
  A kobold zombie (Ossuary)
  2 orc zombies (Ossuary)
  A quokka zombie (D:5)
  9 rats
162 creatures vanquished.

Notes
Turn   | Place    | Note
--------------------------------------------------------------
     0 | D:1      | Bezhaha1 the Minotaur Fighter began the quest for the Orb.
     0 | D:1      | Reached XP level 1. HP: 19/19 MP: 0/0
   367 | D:1      | Reached skill level 4 in Fighting
   934 | D:2      | Reached XP level 2. HP: 25/28 MP: 1/1
   967 | D:2      | Reached skill level 5 in Fighting
  1168 | D:2      | Reached XP level 3. HP: 36/36 MP: 2/2
  1873 | D:2      | Noticed a hound
  1873 | D:2      | Noticed a hound
  1878 | D:2      | Killed a hound
  1878 | D:2      | Reached skill level 6 in Fighting
  1878 | D:2      | Reached XP level 4. HP: 41/44 MP: 3/3
  1879 | D:2      | Killed a hound
  2019 | D:3      | Reached skill level 7 in Fighting
  2019 | D:3      | Reached XP level 5. HP: 49/52 MP: 4/4
  2558 | D:3      | Found a stormy altar of Qazlal.
  2705 | D:3      | Noticed a sky beast
  2712 | D:3      | Killed a sky beast
  2712 | D:3      | Reached skill level 8 in Fighting
  2712 | D:3      | Reached XP level 6. HP: 53/62 MP: 5/5
  2716 | D:3      | Gained mutation: You are agile. (Dex +2) [mutagenic meat]
  2717 | D:3      | Gained mutation: You expend magic power (3 MP) to strengthen your wands. [mutagenic meat]
  2719 | D:3      | Gained mutation: You are very agile. (Dex +4) [mutagenic meat]
  2720 | D:3      | Gained mutation: Armour fits poorly on your strangely shaped body. [mutagenic meat]
  2721 | D:3      | Gained mutation: You are partially covered in yellow scales (AC +2). [mutagenic meat]
  2852 | D:4      | Noticed Kromin's ghost (amateur MiBe)
  2858 | D:4      | Killed Kromin's ghost
  2858 | D:4      | Reached skill level 9 in Fighting
  2858 | D:4      | Reached XP level 7. HP: 57/71 MP: 6/6
  2969 | D:4      | Found a staircase to the Ecumenical Temple.
  2978 | Temple   | Entered the Ecumenical Temple
  2998 | Temple   | Became a worshipper of Warmaster Okawaru
  3043 | D:4      | Found a sand-covered staircase.
  3049 | Ossuary  | Entered an ossuary
  3088 | Ossuary  | Reached skill level 10 in Fighting
  3823 | D:4      | Reached skill level 11 in Fighting
  3960 | D:5      | Entered Level 5 of the Dungeon
  3972 | D:5      | Gained mutation: You have an increased reservoir of magic (+10% MP). [mutagenic meat]
  3975 | D:5      | Noticed Kromin's ghost (amateur MiBe)
  3981 | D:5      | Killed Kromin's ghost
  3981 | D:5      | Reached skill level 5 in Armour
  3981 | D:5      | Reached XP level 8. HP: 76/82 MP: 7/7
  3986 | D:5      | Reached * piety under Okawaru
  4190 | D:5      | Found a burning altar of Makhleb.
  4233 | D:5      | Found a glowing golden altar of the Shining One.
  4476 | D:5      | Found a shadowy altar of Dithmenos.
  4668 | D:6      | Got a crystal hand axe
  4669 | D:6      | Identified the +7 hand axe of Defiance {drain, +Blink rPois rF+ Dex-4} (You found it on level 6 of the Dungeon)
  4732 | D:6      | Found Athraibi's Book Boutique.
  4734 | D:6      | Noticed Duvessa
  4735 | D:6      | Noticed Dowan
  4742 | D:6      | Killed Duvessa
  4742 | D:6      | Reached ** piety under Okawaru
  4748 | D:6      | Killed Dowan
  4791 | D:6      | Noticed Menkaure
  4795 | D:6      | Found a blossoming altar of Fedhas.
  4798 | D:6      | Killed Menkaure
  4798 | D:6      | Reached skill level 10 in Armour
  4798 | D:6      | Reached XP level 9. HP: 87/89 MP: 8/8
  4841 | D:6      | Found a shimmering altar of Xom.
  4918 | D:6      | Got a fine buckler
  4929 | D:6      | Identified the cursed +0 buckler "Zikirgha" {*Corrode rElec rN+++} (You found it on level 6 of the Dungeon)
  5669 | D:7      | Reached *** piety under Okawaru
  5930 | D:7      | Gained mutation: Your system is resistant to poisons. [potion of mutation]
  5930 | D:7      | Gained mutation: You are frail (-10% HP). [potion of mutation]
  5936 | D:7      | Gained mutation: You are partially covered in molten scales (AC +1). [potion of beneficial mutation]
  5985 | D:7      | Found a bloodstained altar of Trog.
  6306 | D:8      | Reached skill level 12 in Armour
  6532 | D:8      | Noticed Kromin's ghost (novice MiGl)
  6593 | D:8      | Slain by Kromin's ghost

Vault maps used:
D:1:      onia_arrival_mini_spirals, minmay_liquid_box
D:2:      cheibrodos_gnoll_hut
D:3:      grunt_qazlal_sundering, guppyfry_early_orc_mine
D:4:      minmay_temple_entry_poolview, nicolae_ossuary_entry_plus,
          gup_sewer_entry_bowl, minmay_misc_feat_hallway
D:5:      overflow_temple_1_default, lemuel_coloured_pillars_altar, basic_altar,
          first_bread
D:6:      fedhas_altar_3, basic_altar, serial_shops, shop, uniq_menkaure,
          uniq_duvessa
D:7:      kennysheep_mini_moat
D:8:      minitemple
Temple:   eino_temple_water_12
Ossuary:  ossuary_crypta

Action                   |  1- 3 |  4- 6 |  7- 9 || total
-------------------------+-------+-------+-------++-------
Melee: War axe           |    15 |       |       ||    15
       Hand axe          |    49 |    78 |   253 ||   380
Evoke: Wand              |       |       |     2 ||     2
  Use: Scroll            |       |     9 |       ||     9
       Potion            |       |     1 |    13 ||    14
  Eat: Chunk             |     3 |     9 |    11 ||    23
       Royal jelly       |       |       |     2 ||     2
